 Dungeon Crawl Stone Soup version 0.31-a0-255-g9c3d1c461a (webtiles) character file.

Game seed: 1203635696542188732

78 qw the Shooter (level 4, 0/36 HPs)
             Began as a Minotaur Hexslinger on July 12, 2023.
             Slain by Robin
             ... wielding a +0 trident
              (4 damage)
             ... on level 2 of the Dungeon.
             The game lasted 00:00:33 (1533 turns).

qw the Shooter (Minotaur Hexslinger)                Turns: 1533, Time: 00:00:34

Health: 0/36       AC:  5    Str: 12    XL:     4   Next: 15%
Magic:  4/4        EV: 11    Int: 10    God:
Gold:   79         SH:  0    Dex: 15    Spells: 4/5 levels left

rFire   . . .        Y - +1 sling
rCold   . . .        (no shield)
rNeg    . . .        f - +0 ring mail
rPois   .            (helmet restricted)
rElec   .            a - scarf {repulsion}
rCorr   .            (no gloves)
SInv    .            (no boots)
Will    .....        (no amulet)
Stlth   +            (no ring)
HPRegen 0.26/turn    (no ring)
MPRegen 0.09/turn

%: repel missiles
@: no status effects
A: horns 2, retaliatory headbutt
a: no special abilities


You were on level 2 of the Dungeon.
You visited 1 branch of the dungeon, and saw 2 of its levels.

You collected 79 gold pieces.


Innate Abilities, Weirdness & Mutations

You have a pair of horns on your head.
You reflexively headbutt those who attack you in melee.


   Skills:
 - Level 2.0 Fighting
 + Level 4.5 Ranged Weapons
 - Level 1.0 Armour
 - Level 2.1 Dodging
 - Level 1.0 Spellcasting
 - Level 2.0 Hexes


You had 4 spell levels left.
You knew the following spells:

 Your Spells              Type           Power      Damage    Failure   Level
a - Slow                  Hex            16%        N/A       34%         1

Your spell library contained the following spells:

 Spells                   Type           Power      Damage    Failure   Level
 Inner Flame              Hex/Fire       2%         N/A       83%         3
 Portal Projectile        Hex/Tloc       4%         N/A       83%         3
 Cause Fear               Hex            2%         N/A       98%         4

Inventory:

Hand Weapons
 Y - a +1 sling (weapon)
Armour
 a - a scarf of repulsion (worn)
 f - a +0 ring mail (worn)
Jewellery
 i - a ring of protection from cold
Scrolls
 d - a scroll of noise {unknown}
 e - 2 scrolls of identify
Potions
 b - a potion of berserk rage {unknown}
 c - a potion of heal wounds {unknown}
 g - a potion of enlightenment
 h - a potion of magic {unknown}
 k - 2 potions of curing

Dungeon Overview and Level Annotations

Branches:
Dungeon (2/15)

Altars:

Annotations:
D:2 Robin


Message History

You shoot a sling bullet. The sling bullet hits the goblin!
You kill the goblin!
Robin says, "Kneel, worm!"
You shoot a sling bullet.
The sling bullet closely misses the hobgoblin.
The sling bullet closely misses the goblin.
The sling bullet hits the hobgoblin but does no damage.
The hobgoblin hits you. Robin throws the goblin at you!
You shoot a sling bullet. The sling bullet hits the hobgoblin.
The hobgoblin is moderately wounded.
The hobgoblin barely misses you. You furiously retaliate!
You headbutt the hobgoblin.
You kill the hobgoblin!
The goblin hits you but does no damage. The hobgoblin closely misses you.
You shoot a sling bullet. The sling bullet hits the hobgoblin.
The hobgoblin is severely wounded.
The goblin hits you but does no damage. The hobgoblin barely misses you.
You furiously retaliate!
You headbutt the hobgoblin.
You kill the hobgoblin!
Robin laughs in a distinctly smug fashion.
The goblin barely misses you. You furiously retaliate!
You headbutt the goblin, but do no damage.
The hobgoblin hits you. The goblin hits you with a +0 dagger.
You shoot a sling bullet.
The sling bullet closely misses the hobgoblin.
The sling bullet hits Robin but does no damage.
Robin hits you from afar with a +0 trident.
The hobgoblin barely misses you. You furiously retaliate!
You headbutt the hobgoblin. The goblin hits you with a +0 dagger.
The hobgoblin hits you. The goblin closely misses you.
You shoot a sling bullet. The sling bullet hits the hobgoblin.
The hobgoblin is almost dead.
Robin completely misses you.
The hobgoblin hits you but does no damage.
The goblin hits you with a +0 dagger. The hobgoblin hits you.
The goblin hits you but does no damage.
You shoot a sling bullet.
The sling bullet closely misses the hobgoblin.
Robin hits you from afar with a +0 trident.
You die...

#.......##......#
#######
#.###########.###
#.#.......#.#.###
#.#.#####.#.<...#
#%#....##.#.#.#.#
#.#..#.##.#.#.#.# ###
#.#..#.##.#.#.#.# ....
#.#..#.##.#.#.#+###<%...
..#..#.##.#.#^.g@gg.....
..#..#.##.#.##..gg..####
..##.#....#..'......#
.......#######......#
.###...# #......# .#
#...# #......# .# #...#
#......# .# #...#
######## .# #...#


You could see Robin, 2 hobgoblins and 2 goblins.

Vanquished Creatures
  2 adders (D:2)
  3 worms (D:2)
  2 dart slugs
  A bat (D:1)
  A giant cockroach (D:1)
  9 goblins
  6 hobgoblins
  2 jackals (D:1)
  2 quokkas (D:2)
  6 ball pythons
  2 frilled lizards (D:2)
  2 kobolds (D:2)
  6 rats
44 creatures vanquished.

Notes
Turn   | Place    | Note
-------+----------+-------------------------------------------
     0 | D:1      | qw the Minotaur Hexslinger began the quest for the Orb.
     0 | D:1      | Reached XP level 1. HP: 16/16 MP: 1/1
     0 | D:1      | 0 ||| qw: Version: 0.3-a-52-g30416fa
     0 | D:1      | 0 ||| qw: Game counter: 6687
     0 | D:1      | 0 ||| qw: Melee chars always use a shield: true
     0 | D:1      | 0 ||| qw: God list: Okawaru
     0 | D:1      | 0 ||| qw: Allow faded altars: false
     0 | D:1      | 0 ||| qw: Do Orc after clearing Dungeon:15 true
     0 | D:1      | 0 ||| qw: Do second Lair branch before Depths: true
     0 | D:1      | 0 ||| qw: Lair rune preference: random
     0 | D:1      | 0 ||| qw: Goals: Normal
     0 | D:1      | 0 ||| PLANNING D:1-11
   139 | D:1      | Reached skill level 3 in Ranged Weapons
   171 | D:1      | Reached XP level 2. HP: 23/23 MP: 2/2
   212 | D:1      | Found a faded altar of an unknown god.
   733 | D:1      | 733 ||| UPGRADING to +0 ring mail.
   743 | D:1      | 743 ||| DROPPING +0 robe.
   744 | D:1      | 744 ||| READING scroll labelled EVVIRR LILU.
   745 | D:1      | 745 ||| READING 3 scrolls labelled DIESHR IVESOEC.
   746 | D:1      | 746 ||| READING scroll labelled NINULEO ZOTE.
   747 | D:1      | 747 ||| READING scroll labelled ZIOQIGG ZUOLE.
   748 | D:1      | 748 ||| READING scroll labelled TEOBBUE JUROI.
   748 | D:1      | Identified a scroll of acquirement
   748 | D:1      | 748 ||| ACQUIRING scarf of repulsion
   748 | D:1      | Acquired a scarf of repulsion
   750 | D:1      | 750 ||| UPGRADING to scarf of repulsion.
   755 | D:1      | 755 ||| DRINKING 2 white potions.
   756 | D:1      | 756 ||| READING 2 scrolls of identify.
   756 | D:1      | 756 ||| IDENTIFYING clear potion
   757 | D:1      | 757 ||| DROPPING scroll of poison.
   825 | D:2      | Reached XP level 3. HP: 10/29 MP: 3/3
  1091 | D:2      | Reached skill level 4 in Ranged Weapons
  1216 | D:2      | 1216 ||| FLEEEEING.
  1217 | D:2      | 1217 ||| FLEEEEING.
  1218 | D:2      | 1218 ||| FLEEEEING.
  1219 | D:2      | 1219 ||| FLEEEEING.
  1223 | D:2      | Reached skill level 1 in Armour
  1412 | D:2      | Reached XP level 4. HP: 36/36 MP: 4/4
  1525 | D:2      | Noticed Robin
  1532 | D:2      | HP: 4/36 [hobgoblin[Robin] (6)]
  1533 | D:2      | Slain by Robin

Levels and vault maps discovered:
D:1:      minmay_arrival_four_loops, layout_loops_ring,
          dreamdust_ecumenical_altar_grove, grunt_decor_one_mirror
D:2:      layout_basic, hangedman_abyss_or_decor_lesser_grid, uniq_robin

Skill      XL: |  1  2  3 |
---------------+----------+-----
Ranged Weapons | 3 4 |  4.5
Fighting       | 2 |  2.0
Armour         | 1 |  1.0
Dodging        | |  2.1
Spellcasting   | |  1.0
Hexes          | |  2.0

Action                     |  1- 3 |  4- 6 || total
---------------------------+-------+-------++-------
   Fire: Sling             |   118 |    13 ||   131
    Use: Scroll            |     6 |       ||     6
         Potion            |     1 |       ||     1
 Armour: Robe              |     1 |       ||     1
         Ring mail         |    11 |     5 ||    16
  Dodge: Dodged            |    30 |     9 ||    39

Table legend:
 A = Non-vault XP
 B = Vault XP
 C = Vault XP percentage of total XP
 D = Non-vault monster count
 E = Vault monster count
 F = Vault count percentage of total count
                 A         B        C        D         E       F
            +---------+---------+-------+---------+---------+-------
      Total |      98 |      14 |  12.5 |      37 |       7 |  15.9
            +---------+---------+-------+---------+---------+-------
        D:1 |      35 |       0 |   0.0 |      20 |       0 |   0.0
        D:2 |      63 |      14 |  18.2 |      17 |       7 |  29.2
            +---------+---------+-------+---------+---------+-------
